 Dungeon Crawl Stone Soup version 0.28.0-43-g3370ac3207 (webtiles) character file.

Game seed: 14533303838197855662

67 Destapler the Skirmisher (level 4, -6/35 HPs)
             Began as a Human Fighter on Mar 3, 2022.
             Mangled by a fire elemental (8 damage)
             ... created by the fiery vengeance of Ignis
             ... on level 2 of the Dungeon.
             The game lasted 00:03:09 (1041 turns).

Destapler the Skirmisher (Human Fighter)            Turns: 1041, Time: 00:03:09

Health: -6/35      AC:  6    Str: 19    XL:     4   Next: 40%
Magic:  4/4        EV:  9    Int:  8    God:
Gold:   74         SH:  4    Dex: 12    Spells: 3/3 levels left

rFire   . . .      SeeInvis .   a - +0 war axe
rCold   . . .      Faith    .   c - +0 buckler
rNeg    . . .      Spirit   .   b - +0 scale mail
rPois   .          Reflect  .   (no helmet)
rElec   .          Harm     .   i - scarf {+Inv}
rCorr   .          Rampage  .   (no gloves)
Will    .....                   (no boots)
Stlth   ..........              (no amulet)
HPRegen 0.11/turn               (no ring)
MPRegen 0.09/turn               (no ring)

@: fire susceptible
A: no striking features
a: Evoke Invisibility


You were on level 2 of the Dungeon.
You visited 1 branch of the dungeon, and saw 2 of its levels.

You collected 74 gold pieces.

Inventory:

Hand Weapons
 a - a +0 war axe (weapon)
 e - a +2 dagger of venom
Armour
 b - a +0 scale mail (worn)
 c - a +0 buckler (worn)
 i - a scarf of invisibility (worn)
Jewellery
 j - an amulet of the acrobat
Scrolls
 f - 2 scrolls of identify {unknown}
Potions
 d - a potion of might
 g - 2 potions of curing {unknown}
 h - a potion of resistance {unknown}


   Skills:
 + Level 3.2 Fighting
 + Level 2.3 Axes
 + Level 0.8 Throwing
 + Level 3.2 Armour
 + Level 0.9 Dodging
 + Level 1.0 Stealth
 + Level 3.2 Shields
 + Level 1.0 Invocations
 + Level 1.0 Evocations


You had 3 spell levels left.
You didn't know any spells.
Your spell library contained the following spells:

 Spells                   Type           Power      Damage    Failure   Level
 Iskenderun's Battlesphe  Conj           0%         2d6       100%        5
 Iron Shot                Conj/Erth      0%         9d1       100%        6
 Spellforged Servitor     Conj/Summ      0%         N/A       100%        7


Dungeon Overview and Level Annotations

Branches:
Dungeon (2/15)

Altars:
Ignis


Message History

You slash the giant cockroach!
You kill the giant cockroach!
No target in view!
A giant cockroach comes into view.
A giant cockroach is nearby!
A giant cockroach is nearby!
The giant cockroach closely misses you.
You hit the giant cockroach but do no damage.
The giant cockroach bites you but does no damage.
You slash the giant cockroach!
You kill the giant cockroach!
Your Invocations skill increases to level 1!
No target in view!
No target in view! "These will know how to inflict the punishment due to you!" 2 fire elementals come into view.
There are monsters nearby!
You hit the fire elemental.
The fire elemental is lightly damaged.
There are monsters nearby!
You closely miss the fire elemental.
The fire elemental is lightly damaged.
You block the fire elemental's attack.
There are monsters nearby!
You barely miss the fire elemental.
The fire elemental is lightly damaged.
The fire elemental hits you. The fire elemental burns you!
You block the fire elemental's attack. The fire elemental hits you.
The fire elemental burns you!
* * * LOW HITPOINT WARNING * * *
You see here a giant cockroach corpse.
A rat comes into view.
The fire elemental hits you. The fire elemental burns you!
* * * LOW HITPOINT WARNING * * *
Found a stone staircase leading up.
The rat barely misses you.
You slash the rat!
You kill the rat!
You hit the fire elemental. The fire elemental hits you.
The fire elemental burns you!
You die...

##.## #####.##. #...###
#.# .....(.#...# #.#
.#######.###..# #.#
...# ##.#.#.# #.# #..#
#.##.# #.# #...# #.##.#
#.# #....###.##.###
#...†@E°......#
#....###E#.##.#
......####°#.##.##.###
##...# #...°○°○.......#
<........#.#)##.......#
##..###..#.#.##.......#
#. #. #............. #.
#. #.#.##.......# #
#............#


You could see 2 fire elementals.

Vanquished Creatures
  2 adders (D:2)
  A worm (D:2)
  4 dart slugs (D:1)
  3 bats (D:1)
  An endoplasm (D:1)
  3 giant cockroaches (D:2)
  5 goblins (D:1)
  2 hobgoblins (D:1)
  2 quokkas (D:1)
  7 ball pythons
  4 frilled lizards
  A kobold (D:2)
  4 rats
39 creatures vanquished.

Notes
Turn   | Place    | Note
-------+----------+-------------------------------------------
     0 | D:1      | Destapler the Human Fighter began the quest for the Orb.
     0 | D:1      | Reached XP level 1. HP: 18/18 MP: 1/1
   154 | D:1      | Reached XP level 2. HP: 21/24 MP: 2/2
   239 | D:1      | Found a faded altar of an unknown god.
   263 | D:1      | Reached XP level 3. HP: 27/29 MP: 3/3
   404 | D:1      | Prayed at the altar of an unknown god.
   404 | D:1      | Became a worshipper of Ignis, the Dying Flame
   406 | D:1      | Fell from the grace of Ignis
   964 | D:2      | Reached skill level 1 in Stealth
   964 | D:2      | Reached XP level 4. HP: 19/35 MP: 4/4
   965 | D:2      | Reached skill level 1 in Evocations
   989 | D:2      | Reached skill level 1 in Invocations
  1032 | D:2      | Noticed a fire elemental
  1032 | D:2      | Noticed a fire elemental
  1041 | D:2      | Mangled by a fire elemental

Illustrated notes

Levels and vault maps discovered:
D:1:      dpeg_arrival_three_same_balls, layout_rooms, basic_ecumenical_altar
D:2:      layout_loops_ring

Skill      XL: |  1  2  3  4 |
---------------+-------------+-----
Stealth        | 1 |  1.0
Evocations     | 1 |  1.0
Invocations    | 1 |  1.0
Fighting       | |  3.2
Axes           | |  2.3
Throwing       | |  0.8
Armour         | |  3.2
Dodging        | |  0.9
Shields        | |  3.2

Action                   |  1- 3 |  4- 6 || total
-------------------------+-------+-------++-------
Melee: War axe           |    87 |    13 ||   100
Invok: Renounce Religion |     1 |       ||     1
  Use: Potion            |     2 |       ||     2
Armor: Scale mail        |    79 |     9 ||    88
Dodge: Dodged            |    44 |     4 ||    48
Block: Buckler           |    24 |     3 ||    27
